BlackHawks vs Oilers

Created - March 17, 2024 at 20:37

Goals
1 2 3 T
BlackHawks 2 2 2 6
Oilers 1 3 0 4
Shots
1 2 3 T
BlackHawks 14 11 8 33
Oilers 8 25 14 47

GoalsPenalties
1st period
1. BlackHawks , Ivan Barbashev 31 (Kirill Kaprizov 25, Andrei Kuzmenko 23) at 8:08
2. Oilers , Brock Boeser 22 (Ryan Johansen 25, Brandon Hagel 35) at 8:28
3. BlackHawks , Andrei Kuzmenko 23 (Kirill Kaprizov 26, Ivan Barbashev 35) at 14:19
Vladislav Gavrikov (EDM) for Tripping (Minor) at 16:01
2nd period
4. Oilers , Brandon Hagel 30 (Brock Boeser 25, Vladislav Gavrikov 26) at 0:16
5. BlackHawks , Ryan Donato 6 (Jordan Martinook 13, Derek Forbort 18) at 16:06
6. Oilers , Brandon Hagel 31 (Ryan Johansen 26, Scott Mayfield 14) at 16:31
7. Oilers , Jamie Drysdale 7 (Dylan Strome 29) at 17:54 (PP)
8. BlackHawks , Ivan Barbashev 32 (Derek Forbort 19, Andrei Kuzmenko 24) at 18:20
Zach Bogosian (CHI) for Boarding (Minor) at 10:51
Ivan Barbashev (CHI) for Roughing (Minor) at 16:33
3rd period
9. BlackHawks , Kirill Kaprizov 24 (Braden Schneider 28) at 0:14
10. BlackHawks , Andrei Kuzmenko 24 (Ivan Barbashev 36, Kirill Kaprizov 27) at 8:40
Zach Bogosian (CHI) for Hooking (Minor) at 9:49
Scott Mayfield (EDM) for Tripping (Minor) at 12:48
Goalie Stats
Juuse Saros (CHI), 43 saves from 47 shots - (0.915), W, 21-19-1, 60:00 minutes
Arvid Soderblom (EDM), 27 saves from 33 shots - (0.818), L, 2-2-1, 60:00 minutes
3 StarsOfficial
1 - Ivan Barbashev (CHI)
2 - Andrei Kuzmenko (CHI)
3 - Kirill Kaprizov (CHI)
Referees : Stephen Hiff and Sean MacFarlane
Linesman : Jake Davis and Steve Miller
Game Note
Anders Lee is injured at 17:23 of 2nd period (Sports Hernia)
Finance
Level 1 -- Attendance: 5712 (87.88%) -- Ticket Income $696,864
Level 2 -- Attendance: 4142 (82.84%) -- Ticket Income $389,348
Level 3 -- Attendance: 2771 (79.17%) -- Ticket Income $207,825
Level 4 -- Attendance: 839 (100.00%) -- Ticket Income $61,247
Luxury Box -- Attendance: 1000 (100.00%) -- Ticket Income $232,000
Game was played at the Rexall Place.
Total Attendance: 14464 (85.90%)
Total Ticket Income: $1,587,284
Other Income: $396,821
Total Income: $1,984,105



Team Name Goals Shots Shots Attemp Shots Blocked PIM HIT PP PK FO%
BlackHawks 6335996250 / 2 (0%)148%
Oilers 4479584231 / 3 (33%)052%

BlackHawks
Player Name POS G A P +/- PIM HIT SHT SB MP PP MP PP SHT PK MP PK SHT FO% FOT
Anders LeeLW000-1020011:410:4901:020100% 1
Andrei KuzmenkoLW2244004018:582:1500:3600% 0
Braden SchneiderD0111050225:292:0402:1600% 0
Derek ForbortD0223011121:341:5403:0300% 0
Haydn FleuryD000-1020112:570:0000:0000% 0
Ivan BarbashevC2244247021:022:0430:00035% 31
Jaden SchwartzC000-1002017:552:1403:41050% 26
Jordan MartinookLW0111002013:090:0003:41050% 2
Justin BraunD000-1021015:190:0002:2200% 0
Kirill KaprizovLW1344007117:452:0400:000100% 1
Marc-Edouard VlasicD0001000025:292:0402:1600% 0
Max DomiC000-1010015:140:0000:000100% 1
Nick RitchieLW000100007:480:0000:0000% 0
Ryan DonatoC101100408:110:2300:00033% 9
Sonny MilanoLW000-1000012:000:0000:0000% 1
Ty DellandreaC000-1023112:000:0000:0000% 0
Tyler SeguinC000-1011118:572:0501:38062% 26
Zach BogosianD0003451219:101:5400:4100% 0
Oilers
Player Name POS G A P +/- PIM HIT SHT SB MP PP MP PP SHT PK MP PK SHT FO% FOT
Alexander BarabanovLW0000022015:372:2810:0000% 0
Brandon HagelLW21320112116:292:5141:31250% 2
Brock BoeserRW1122004014:582:5110:000100% 2
Casey CizikasC000-1023013:120:0000:00039% 23
Cole PerfettiC000-4021014:432:2800:00029% 7
Dylan StromeC011-4013017:332:5102:27061% 23
Jakob SilfverbergRW000-1003014:430:0001:31067% 3
Jamie DrysdaleD101-2014220:292:2920:1900% 0
Josh BaileyRW0000005015:592:5010:0000% 1
Kasperi KapanenRW000-1002013:120:0000:0000% 1
Ondrej PalatLW000-4061014:432:2800:0000% 0
Paul StastnyC0000000013:090:0000:00054% 13
Robin SaloD0001001216:190:0001:3000% 0
Ryan JohansenC0222003017:032:2902:27061% 23
Ryan PulockD000-2012022:262:5011:2300% 0
Scott MayfieldD0111230015:500:0001:0200% 0
Troy StecherD000-2021219:570:0002:1600% 0
Vladislav GavrikovD011-2220119:380:0001:2600% 0



Play-by-Play

1st period


0:01 of 1st period - Ivan Barbashev wins face-off versus Ryan Johansen in neutral zone.
0:08 of 1st period - Off-side.
0:09 of 1st period - Tyler Seguin wins face-off versus Dylan Strome in neutral zone.
0:27 of 1st period - Shot by Max Domi.
0:27 of 1st period - Shot Misses the Net.
0:29 of 1st period - Shot by Zach Bogosian.
0:29 of 1st period - Shot Blocked by Troy Stecher.
0:38 of 1st period - Anders Lee is hit by Troy Stecher and loses puck.
0:45 of 1st period - Shot by Anders Lee.
0:45 of 1st period - Shot Blocked by Troy Stecher.
1:54 of 1st period - Shot by Kirill Kaprizov.
1:54 of 1st period - Stopped by Arvid Soderblom without a rebound.
1:55 of 1st period - Jaden Schwartz wins face-off versus Casey Cizikas in Oilers zone.
1:55 of 1st period - Jaden Schwartz is hit by Vladislav Gavrikov.
1:57 of 1st period - Shot by Ty Dellandrea.
1:57 of 1st period - Stopped by Arvid Soderblom without a rebound.
1:58 of 1st period - Jaden Schwartz wins face-off versus Casey Cizikas in Oilers zone.
1:59 of 1st period - Shot by Ty Dellandrea.
1:59 of 1st period - Stopped by Arvid Soderblom with a rebound.
2:28 of 1st period - Shot by Kasperi Kapanen.
2:28 of 1st period - Shot Misses the Net.
2:30 of 1st period - Shot by Ryan Pulock.
2:30 of 1st period - Shot Misses the Net.
2:34 of 1st period - Shot by Casey Cizikas.
2:34 of 1st period - Stopped by Juuse Saros without a rebound.
2:35 of 1st period - Ryan Donato wins face-off versus Ryan Johansen in BlackHawks zone.
2:57 of 1st period - Shot by Jordan Martinook.
2:57 of 1st period - Shot Blocked by Brandon Hagel.
3:09 of 1st period - Shot by Ryan Donato.
3:09 of 1st period - Stopped by Arvid Soderblom without a rebound.
3:10 of 1st period - Dylan Strome wins face-off versus Ivan Barbashev in Oilers zone.
3:10 of 1st period - Dylan Strome is hit by Ivan Barbashev.
4:41 of 1st period - Shot by Jaden Schwartz.
4:41 of 1st period - Stopped by Arvid Soderblom without a rebound.
4:42 of 1st period - Tyler Seguin wins face-off versus Ryan Johansen in Oilers zone.
4:42 of 1st period - Anders Lee is hit by Troy Stecher and loses puck.
4:46 of 1st period - Icing by Ryan Johansen.
4:47 of 1st period - Ryan Johansen wins face-off versus Tyler Seguin in Oilers zone.
4:47 of 1st period - Ryan Johansen is hit by Max Domi.
4:55 of 1st period - Icing by Anders Lee.
4:56 of 1st period - Tyler Seguin wins face-off versus Paul Stastny in BlackHawks zone.
5:21 of 1st period - Shot by Anders Lee.
5:21 of 1st period - Shot Misses the Net.
5:24 of 1st period - Icing by Vladislav Gavrikov.
5:25 of 1st period - Ivan Barbashev wins face-off versus Paul Stastny in Oilers zone.
5:46 of 1st period - Shot by Andrei Kuzmenko.
5:46 of 1st period - Shot Misses the Net.
6:24 of 1st period - Shot by Ryan Johansen.
6:24 of 1st period - Deflect By Brandon Hagel.
6:24 of 1st period - Stopped by Juuse Saros without a rebound.
6:25 of 1st period - Ryan Donato wins face-off versus Casey Cizikas in BlackHawks zone.
6:25 of 1st period - Ryan Donato is hit by Casey Cizikas.
6:36 of 1st period - Ryan Donato is hit by Scott Mayfield and loses puck.
6:41 of 1st period - Shot by Nick Ritchie.
6:41 of 1st period - Shot Misses the Net.
6:50 of 1st period - Ryan Donato is hit by Scott Mayfield and loses puck.
7:22 of 1st period - Shot by Justin Braun.
7:22 of 1st period - Stopped by Arvid Soderblom without a rebound.
7:23 of 1st period - Ivan Barbashev wins face-off versus Ryan Johansen in Oilers zone.
7:35 of 1st period - Icing by Braden Schneider.
7:36 of 1st period - Dylan Strome wins face-off versus Ivan Barbashev in BlackHawks zone.
8:06 of 1st period - Shot by Andrei Kuzmenko.
8:06 of 1st period - Deflect By Kirill Kaprizov.
8:06 of 1st period - Shot Misses the Net.
8:08 of 1st period - Shot by Ivan Barbashev.
8:08 of 1st period - Goal by Ivan Barbashev - BlackHawks : 1 - Oilers : 0.
8:09 of 1st period - Anders Lee wins face-off versus Ryan Johansen in neutral zone.
8:26 of 1st period - Shot by Brandon Hagel.
8:26 of 1st period - Shot Misses the Net.
8:28 of 1st period - Shot by Ryan Johansen.
8:28 of 1st period - Deflect By Brock Boeser.
8:28 of 1st period - Goal by Brock Boeser - BlackHawks : 1 - Oilers : 1.
8:29 of 1st period - Paul Stastny wins face-off versus Jaden Schwartz in neutral zone.
8:46 of 1st period - Shot by Josh Bailey.
8:46 of 1st period - Shot Blocked by Zach Bogosian.
9:43 of 1st period - Icing by Tyler Seguin.
9:44 of 1st period - Tyler Seguin wins face-off versus Dylan Strome in BlackHawks zone.
10:24 of 1st period - Dylan Strome is hit by Braden Schneider and loses puck.
10:35 of 1st period - Ryan Pulock is hit by Anders Lee and loses puck.
11:04 of 1st period - Icing by Ivan Barbashev.
11:05 of 1st period - Ryan Johansen wins face-off versus Ivan Barbashev in BlackHawks zone.
11:05 of 1st period - Ryan Johansen is hit by Justin Braun.
11:23 of 1st period - Shot by Kirill Kaprizov.
11:23 of 1st period - Shot Blocked by Jamie Drysdale.
11:25 of 1st period - Shot by Andrei Kuzmenko.
11:25 of 1st period - Stopped by Arvid Soderblom without a rebound.
11:26 of 1st period - Casey Cizikas wins face-off versus Jaden Schwartz in Oilers zone.
11:28 of 1st period - Icing by Robin Salo.
11:29 of 1st period - Jaden Schwartz wins face-off versus Casey Cizikas in Oilers zone.
11:34 of 1st period - Shot by Ty Dellandrea.
11:34 of 1st period - Shot Misses the Net.
11:44 of 1st period - Jakob Silfverberg is hit by Ty Dellandrea and loses puck.
11:49 of 1st period - Shot by Jaden Schwartz.
11:49 of 1st period - Stopped by Arvid Soderblom with a rebound.
11:51 of 1st period - Shot by Ty Dellandrea.
11:51 of 1st period - Stopped by Arvid Soderblom without a rebound.
11:52 of 1st period - Brock Boeser wins face-off versus Ivan Barbashev in Oilers zone.
11:52 of 1st period - Brock Boeser is hit by Ivan Barbashev.
12:02 of 1st period - Shot by Brock Boeser.
12:02 of 1st period - Shot Misses the Net.
12:06 of 1st period - Shot by Brandon Hagel.
12:06 of 1st period - Shot Misses the Net.
12:08 of 1st period - Shot by Brandon Hagel.
12:08 of 1st period - Shot Misses the Net.
12:10 of 1st period - Shot by Jamie Drysdale.
12:10 of 1st period - Shot Misses the Net.
12:12 of 1st period - Shot by Brandon Hagel.
12:12 of 1st period - Stopped by Juuse Saros without a rebound.
12:13 of 1st period - Tyler Seguin wins face-off versus Casey Cizikas in BlackHawks zone.
12:31 of 1st period - Jakob Silfverberg is hit by Braden Schneider and loses puck.
12:48 of 1st period - Shot by Kasperi Kapanen.
12:48 of 1st period - Shot Misses the Net.
12:50 of 1st period - Shot by Jakob Silfverberg.
12:50 of 1st period - Stopped by Juuse Saros without a rebound.
12:51 of 1st period - Ivan Barbashev wins face-off versus Josh Bailey in BlackHawks zone.
13:08 of 1st period - Shot by Kirill Kaprizov.
13:08 of 1st period - Stopped by Arvid Soderblom without a rebound.
13:09 of 1st period - Ryan Johansen wins face-off versus Sonny Milano in Oilers zone.
13:39 of 1st period - Brandon Hagel is hit by Justin Braun and loses puck.
13:50 of 1st period - Shot by Brandon Hagel.
13:50 of 1st period - Shot Blocked by Ty Dellandrea.
14:13 of 1st period - Off-side.
14:14 of 1st period - Ivan Barbashev wins face-off versus Casey Cizikas in neutral zone.
14:19 of 1st period - Shot by Andrei Kuzmenko.
14:19 of 1st period - Goal by Andrei Kuzmenko - BlackHawks : 2 - Oilers : 1.
14:20 of 1st period - Dylan Strome wins face-off versus Ivan Barbashev in neutral zone.
14:27 of 1st period - Shot by Ondrej Palat.
14:27 of 1st period - Shot Misses the Net.
14:40 of 1st period - Troy Stecher is hit by Braden Schneider and loses puck.
14:58 of 1st period - Shot by Kirill Kaprizov.
14:58 of 1st period - Stopped by Arvid Soderblom without a rebound.
14:59 of 1st period - Casey Cizikas wins face-off versus Ryan Donato in Oilers zone.
15:04 of 1st period - Off-side.
15:05 of 1st period - Paul Stastny wins face-off versus Tyler Seguin in neutral zone.
15:14 of 1st period - Zach Bogosian is hit by Alexander Barabanov and loses puck.
15:45 of 1st period - Tyler Seguin is hit by Vladislav Gavrikov and loses puck.
16:01 of 1st period - Minor Penalty to Vladislav Gavrikov for Tripping.
16:02 of 1st period - Brandon Hagel wins face-off versus Ivan Barbashev in Oilers zone.
16:37 of 1st period - Shot by Brandon Hagel.
16:37 of 1st period - Stopped by Juuse Saros with a rebound.
16:51 of 1st period - Shot by Jakob Silfverberg.
16:51 of 1st period - Shot Misses the Net.
16:53 of 1st period - Shot by Brandon Hagel.
16:53 of 1st period - Stopped by Juuse Saros without a rebound.
16:54 of 1st period - Ryan Johansen wins face-off versus Tyler Seguin in BlackHawks zone.
17:17 of 1st period - Ryan Pulock is hit by Tyler Seguin and loses puck.
17:50 of 1st period - Shot by Kirill Kaprizov.
17:50 of 1st period - Deflect By Ivan Barbashev.
17:50 of 1st period - Stopped by Arvid Soderblom without a rebound.
17:51 of 1st period - Ivan Barbashev wins face-off versus Brandon Hagel in Oilers zone.
18:10 of 1st period - Shot by Josh Bailey.
18:10 of 1st period - Shot Misses the Net.
18:14 of 1st period - Shot by Josh Bailey.
18:14 of 1st period - Stopped by Juuse Saros with a rebound.
18:16 of 1st period - Shot by Jamie Drysdale.
18:16 of 1st period - Shot Misses the Net.
18:18 of 1st period - Shot by Josh Bailey.
18:18 of 1st period - Shot Misses the Net.
18:20 of 1st period - Shot by Alexander Barabanov.
18:20 of 1st period - Shot Misses the Net.
18:38 of 1st period - Shot by Paul Stastny.
18:38 of 1st period - Shot Blocked by Haydn Fleury.
19:00 of 1st period - Shot by Jaden Schwartz.
19:00 of 1st period - Shot Misses the Net.
19:48 of 1st period - Shot by Kasperi Kapanen.
19:48 of 1st period - Shot Misses the Net.
Goals for this period are 2 for BlackHawks vs 1 for Oilers.
Shots for this period are 14 for BlackHawks vs 8 for Oilers.

2nd period


0:01 of 2nd period - Ryan Johansen wins face-off versus Ivan Barbashev in neutral zone.
0:04 of 2nd period - Shot by Brock Boeser.
0:04 of 2nd period - Stopped by Juuse Saros without a rebound.
0:05 of 2nd period - Ryan Johansen wins face-off versus Ivan Barbashev in BlackHawks zone.
0:14 of 2nd period - Shot by Brock Boeser.
0:14 of 2nd period - Shot Hit the Post.
0:16 of 2nd period - Shot by Brandon Hagel.
0:16 of 2nd period - Goal by Brandon Hagel - BlackHawks : 2 - Oilers : 2.
0:17 of 2nd period - Casey Cizikas wins face-off versus Tyler Seguin in neutral zone.
0:21 of 2nd period - Scott Mayfield is hit by Zach Bogosian and loses puck.
0:27 of 2nd period - Off-side.
0:28 of 2nd period - Ivan Barbashev wins face-off versus Ryan Johansen in neutral zone.
0:39 of 2nd period - Shot by Ryan Johansen.
0:39 of 2nd period - Deflect By Brandon Hagel.
0:39 of 2nd period - Stopped by Juuse Saros without a rebound.
0:40 of 2nd period - Tyler Seguin wins face-off versus Dylan Strome in BlackHawks zone.
1:02 of 2nd period - Shot by Ondrej Palat.
1:02 of 2nd period - Stopped by Juuse Saros with a rebound.
1:04 of 2nd period - Shot by Dylan Strome.
1:04 of 2nd period - Stopped by Juuse Saros with a rebound.
1:06 of 2nd period - Shot by Jamie Drysdale.
1:06 of 2nd period - Stopped by Juuse Saros without a rebound.
1:07 of 2nd period - Ivan Barbashev wins face-off versus Ryan Johansen in BlackHawks zone.
1:21 of 2nd period - Shot by Marc-Edouard Vlasic.
1:21 of 2nd period - Shot Misses the Net.
1:25 of 2nd period - Shot by Kirill Kaprizov.
1:25 of 2nd period - Stopped by Arvid Soderblom without a rebound.
1:26 of 2nd period - Tyler Seguin wins face-off versus Casey Cizikas in Oilers zone.
1:45 of 2nd period - Shot by Max Domi.
1:45 of 2nd period - Shot Blocked by Robin Salo.
1:47 of 2nd period - Shot by Derek Forbort.
1:47 of 2nd period - Stopped by Arvid Soderblom without a rebound.
1:48 of 2nd period - Ryan Johansen wins face-off versus Ivan Barbashev in Oilers zone.
2:01 of 2nd period - Shot by Kirill Kaprizov.
2:01 of 2nd period - Stopped by Arvid Soderblom with a rebound.
2:04 of 2nd period - Icing by Vladislav Gavrikov.
2:05 of 2nd period - Tyler Seguin wins face-off versus Ryan Johansen in Oilers zone.
2:05 of 2nd period - Tyler Seguin is hit by Ryan Pulock.
2:07 of 2nd period - Shot by Zach Bogosian.
2:07 of 2nd period - Stopped by Arvid Soderblom with a rebound.
2:18 of 2nd period - Brock Boeser is hit by Zach Bogosian and loses puck.
2:37 of 2nd period - Shot by Brock Boeser.
2:37 of 2nd period - Shot Misses the Net.
2:39 of 2nd period - Shot by Brandon Hagel.
2:39 of 2nd period - Shot Misses the Net.
2:41 of 2nd period - Shot by Ryan Pulock.
2:41 of 2nd period - Deflect By Brock Boeser.
2:41 of 2nd period - Stopped by Juuse Saros with a rebound.
3:07 of 2nd period - Shot by Dylan Strome.
3:07 of 2nd period - Stopped by Juuse Saros with a rebound.
3:19 of 2nd period - Shot by Dylan Strome.
3:19 of 2nd period - Shot Misses the Net.
3:42 of 2nd period - Off-side.
3:43 of 2nd period - Jaden Schwartz wins face-off versus Casey Cizikas in neutral zone.
4:10 of 2nd period - Shot by Kasperi Kapanen.
4:10 of 2nd period - Stopped by Juuse Saros without a rebound.
4:11 of 2nd period - Ryan Johansen wins face-off versus Ryan Donato in BlackHawks zone.
5:11 of 2nd period - Off-side.
5:12 of 2nd period - Tyler Seguin wins face-off versus Casey Cizikas in neutral zone.
5:17 of 2nd period - Shot by Tyler Seguin.
5:17 of 2nd period - Stopped by Arvid Soderblom with a rebound.
5:47 of 2nd period - Shot by Troy Stecher.
5:47 of 2nd period - Stopped by Juuse Saros without a rebound.
5:48 of 2nd period - Dylan Strome wins face-off versus Ivan Barbashev in BlackHawks zone.
5:58 of 2nd period - Off-side.
5:59 of 2nd period - Paul Stastny wins face-off versus Jaden Schwartz in neutral zone.
6:51 of 2nd period - Icing by Braden Schneider.
6:52 of 2nd period - Jaden Schwartz wins face-off versus Cole Perfetti in BlackHawks zone.
6:52 of 2nd period - Jaden Schwartz is hit by Ondrej Palat.
7:25 of 2nd period - Icing by Derek Forbort.
7:26 of 2nd period - Ivan Barbashev wins face-off versus Casey Cizikas in BlackHawks zone.
7:26 of 2nd period - Ivan Barbashev is hit by Casey Cizikas.
7:48 of 2nd period - Shot by Kirill Kaprizov.
7:48 of 2nd period - Stopped by Arvid Soderblom without a rebound.
7:49 of 2nd period - Ryan Johansen wins face-off versus Tyler Seguin in Oilers zone.
8:10 of 2nd period - Brandon Hagel is hit by Anders Lee and loses puck.
8:20 of 2nd period - Shot by Brock Boeser.
8:20 of 2nd period - Deflect By Ryan Johansen.
8:20 of 2nd period - Shot Misses the Net.
8:22 of 2nd period - Shot by Ryan Johansen.
8:22 of 2nd period - Shot Misses the Net.
8:55 of 2nd period - Icing by Marc-Edouard Vlasic.
8:56 of 2nd period - Ryan Donato wins face-off versus Dylan Strome in BlackHawks zone.
8:56 of 2nd period - Ryan Donato is hit by Cole Perfetti.
9:08 of 2nd period - Shot by Ondrej Palat.
9:08 of 2nd period - Shot Misses the Net.
9:26 of 2nd period - Shot by Ryan Donato.
9:26 of 2nd period - Stopped by Arvid Soderblom without a rebound.
9:27 of 2nd period - Jakob Silfverberg wins face-off versus Ivan Barbashev in Oilers zone.
9:40 of 2nd period - Icing by Zach Bogosian.
9:41 of 2nd period - Paul Stastny wins face-off versus Ivan Barbashev in BlackHawks zone.
9:54 of 2nd period - Shot by Alexander Barabanov.
9:54 of 2nd period - Stopped by Juuse Saros without a rebound.
9:55 of 2nd period - Tyler Seguin wins face-off versus Casey Cizikas in BlackHawks zone.
10:00 of 2nd period - Shot by Jakob Silfverberg.
10:00 of 2nd period - Stopped by Juuse Saros without a rebound.
10:01 of 2nd period - Casey Cizikas wins face-off versus Ivan Barbashev in BlackHawks zone.
10:04 of 2nd period - Shot by Jakob Silfverberg.
10:04 of 2nd period - Shot Blocked by Kirill Kaprizov.
10:06 of 2nd period - Shot by Jamie Drysdale.
10:06 of 2nd period - Stopped by Juuse Saros without a rebound.
10:07 of 2nd period - Dylan Strome wins face-off versus Ivan Barbashev in BlackHawks zone.
10:21 of 2nd period - Ivan Barbashev is hit by Ondrej Palat.
10:31 of 2nd period - Shot by Ivan Barbashev.
10:31 of 2nd period - Stopped by Arvid Soderblom without a rebound.
10:32 of 2nd period - Tyler Seguin wins face-off versus Kasperi Kapanen in Oilers zone.
10:35 of 2nd period - Shot by Anders Lee.
10:35 of 2nd period - Shot Blocked by Robin Salo.
10:44 of 2nd period - Scott Mayfield is hit by Zach Bogosian and loses puck.
10:49 of 2nd period - Shot by Kasperi Kapanen.
10:49 of 2nd period - Shot Blocked by Zach Bogosian.
10:51 of 2nd period - Shot by Jakob Silfverberg.
10:51 of 2nd period - Stopped by Juuse Saros without a rebound.
10:51 of 2nd period - Minor Penalty to Zach Bogosian for Boarding.
10:52 of 2nd period - Dylan Strome wins face-off versus Jaden Schwartz in BlackHawks zone.
11:10 of 2nd period - Shot by Brandon Hagel.
11:10 of 2nd period - Stopped by Juuse Saros without a rebound.
11:11 of 2nd period - Cole Perfetti wins face-off versus Jaden Schwartz in BlackHawks zone.
12:15 of 2nd period - Shot by Josh Bailey.
12:15 of 2nd period - Shot Misses the Net.
12:33 of 2nd period - Shot by Ryan Pulock.
12:33 of 2nd period - Shot Misses the Net.
12:35 of 2nd period - Shot by Brock Boeser.
12:35 of 2nd period - Stopped by Juuse Saros without a rebound.
12:36 of 2nd period - Jaden Schwartz wins face-off versus Cole Perfetti in BlackHawks zone.
12:36 of 2nd period - Jaden Schwartz is hit by Ondrej Palat.
13:10 of 2nd period - Shot by Andrei Kuzmenko.
13:10 of 2nd period - Shot Misses the Net.
13:15 of 2nd period - Icing by Robin Salo.
13:16 of 2nd period - Casey Cizikas wins face-off versus Jaden Schwartz in Oilers zone.
13:18 of 2nd period - Icing by Jakob Silfverberg.
13:19 of 2nd period - Jaden Schwartz wins face-off versus Jakob Silfverberg in Oilers zone.
13:46 of 2nd period - Icing by Jaden Schwartz.
13:47 of 2nd period - Jaden Schwartz wins face-off versus Paul Stastny in BlackHawks zone.
14:17 of 2nd period - Jamie Drysdale is hit by Braden Schneider and loses puck.
15:45 of 2nd period - Shot by Max Domi.
15:45 of 2nd period - Shot Blocked by Vladislav Gavrikov.
16:06 of 2nd period - Shot by Jordan Martinook.
16:06 of 2nd period - Deflect By Ryan Donato.
16:06 of 2nd period - Goal by Ryan Donato - BlackHawks : 3 - Oilers : 2.
16:07 of 2nd period - Ryan Johansen wins face-off versus Jaden Schwartz in neutral zone.
16:29 of 2nd period - Shot by Ryan Johansen.
16:29 of 2nd period - Stopped by Juuse Saros with a rebound.
16:31 of 2nd period - Shot by Brandon Hagel.
16:31 of 2nd period - Goal by Brandon Hagel - BlackHawks : 3 - Oilers : 3.
16:32 of 2nd period - Casey Cizikas wins face-off versus Ivan Barbashev in neutral zone.
16:32 of 2nd period - Casey Cizikas is hit by Ivan Barbashev.
16:33 of 2nd period - Minor Penalty to Ivan Barbashev for Roughing.
16:34 of 2nd period - Jaden Schwartz wins face-off versus Dylan Strome in BlackHawks zone.
17:22 of 2nd period - Anders Lee is hit by Ondrej Palat and loses puck.
17:23 of 2nd period - Anders Lee from BlackHawks is injured at 17:23 of 2nd period (Sports Hernia).
17:24 of 2nd period - Jaden Schwartz wins face-off versus Cole Perfetti in BlackHawks zone.
17:48 of 2nd period - Shot by Alexander Barabanov.
17:48 of 2nd period - Stopped by Juuse Saros with a rebound.
17:50 of 2nd period - Shot by Josh Bailey.
17:50 of 2nd period - Stopped by Juuse Saros with a rebound.
17:52 of 2nd period - Shot by Ryan Pulock.
17:52 of 2nd period - Stopped by Juuse Saros without a rebound.
17:53 of 2nd period - Dylan Strome wins face-off versus Jaden Schwartz in BlackHawks zone.
17:54 of 2nd period - Shot by Jamie Drysdale.
17:54 of 2nd period - Goal by Jamie Drysdale - BlackHawks : 3 - Oilers : 4.
17:55 of 2nd period - Ryan Johansen wins face-off versus Ivan Barbashev in neutral zone.
18:01 of 2nd period - Ryan Johansen is hit by Derek Forbort and loses puck.
18:16 of 2nd period - Shot by Andrei Kuzmenko.
18:16 of 2nd period - Stopped by Arvid Soderblom with a rebound.
18:18 of 2nd period - Shot by Derek Forbort.
18:18 of 2nd period - Shot Misses the Net.
18:20 of 2nd period - Shot by Ivan Barbashev.
18:20 of 2nd period - Goal by Ivan Barbashev - BlackHawks : 4 - Oilers : 4.
18:21 of 2nd period - Max Domi wins face-off versus Paul Stastny in neutral zone.
18:38 of 2nd period - Shot by Paul Stastny.
18:38 of 2nd period - Shot Misses the Net.
18:40 of 2nd period - Shot by Josh Bailey.
18:40 of 2nd period - Shot Blocked by Braden Schneider.
18:43 of 2nd period - Alexander Barabanov is hit by Braden Schneider.
18:50 of 2nd period - Shot by Josh Bailey.
18:50 of 2nd period - Stopped by Juuse Saros without a rebound.
18:51 of 2nd period - Casey Cizikas wins face-off versus Jaden Schwartz in BlackHawks zone.
19:02 of 2nd period - Shot by Casey Cizikas.
19:02 of 2nd period - Stopped by Juuse Saros with a rebound.
19:09 of 2nd period - Icing by Jaden Schwartz.
19:10 of 2nd period - Brock Boeser wins face-off versus Jaden Schwartz in BlackHawks zone.
19:41 of 2nd period - Shot by Ryan Johansen.
19:41 of 2nd period - Shot Misses the Net.
19:47 of 2nd period - Shot by Brandon Hagel.
19:47 of 2nd period - Shot Blocked by Derek Forbort.
19:51 of 2nd period - Shot by Brandon Hagel.
19:51 of 2nd period - Stopped by Juuse Saros without a rebound.
19:52 of 2nd period - Kirill Kaprizov wins face-off versus Casey Cizikas in BlackHawks zone.
Goals for this period are 2 for BlackHawks vs 3 for Oilers.
Shots for this period are 11 for BlackHawks vs 25 for Oilers.

3rd period


0:01 of 3rd period - Dylan Strome wins face-off versus Ivan Barbashev in neutral zone.
0:14 of 3rd period - Shot by Kirill Kaprizov.
0:14 of 3rd period - Goal by Kirill Kaprizov - BlackHawks : 5 - Oilers : 4.
0:15 of 3rd period - Tyler Seguin wins face-off versus Casey Cizikas in neutral zone.
0:40 of 3rd period - Shot by Jakob Silfverberg.
0:40 of 3rd period - Shot Misses the Net.
1:20 of 3rd period - Shot by Alexander Barabanov.
1:20 of 3rd period - Shot Misses the Net.
1:25 of 3rd period - Marc-Edouard Vlasic is hit by Alexander Barabanov and loses puck.
1:36 of 3rd period - Shot by Nick Ritchie.
1:36 of 3rd period - Deflect By Jordan Martinook.
1:36 of 3rd period - Shot Misses the Net.
1:38 of 3rd period - Shot by Jordan Martinook.
1:38 of 3rd period - Shot Blocked by Jamie Drysdale.
1:52 of 3rd period - Shot by Jordan Martinook.
1:52 of 3rd period - Stopped by Arvid Soderblom without a rebound.
1:53 of 3rd period - Dylan Strome wins face-off versus Jaden Schwartz in Oilers zone.
1:55 of 3rd period - Icing by Ryan Pulock.
1:56 of 3rd period - Jaden Schwartz wins face-off versus Dylan Strome in Oilers zone.
2:02 of 3rd period - Icing by Ryan Pulock.
2:03 of 3rd period - Dylan Strome wins face-off versus Jaden Schwartz in Oilers zone.
2:10 of 3rd period - Derek Forbort is hit by Ondrej Palat and loses puck.
2:20 of 3rd period - Icing by Ryan Pulock.
2:21 of 3rd period - Dylan Strome wins face-off versus Ivan Barbashev in Oilers zone.
3:40 of 3rd period - Shot by Brock Boeser.
3:40 of 3rd period - Deflect By Brandon Hagel.
3:40 of 3rd period - Shot Blocked by Tyler Seguin.
3:52 of 3rd period - Shot by Ryan Johansen.
3:52 of 3rd period - Stopped by Juuse Saros with a rebound.
4:02 of 3rd period - Shot by Jordan Martinook.
4:02 of 3rd period - Stopped by Arvid Soderblom with a rebound.
4:12 of 3rd period - Brock Boeser is hit by Ty Dellandrea.
5:38 of 3rd period - Icing by Ivan Barbashev.
5:39 of 3rd period - Ivan Barbashev wins face-off versus Paul Stastny in BlackHawks zone.
5:45 of 3rd period - Off-side.
5:46 of 3rd period - Paul Stastny wins face-off versus Ivan Barbashev in neutral zone.
5:59 of 3rd period - Shot by Josh Bailey.
5:59 of 3rd period - Shot Misses the Net.
6:17 of 3rd period - Shot by Andrei Kuzmenko.
6:17 of 3rd period - Shot Misses the Net.
6:19 of 3rd period - Shot by Derek Forbort.
6:19 of 3rd period - Shot Misses the Net.
6:51 of 3rd period - Shot by Tyler Seguin.
6:51 of 3rd period - Shot Misses the Net.
7:42 of 3rd period - Casey Cizikas is hit by Haydn Fleury.
8:09 of 3rd period - Kasperi Kapanen is hit by Haydn Fleury and loses puck.
8:19 of 3rd period - Ty Dellandrea is hit by Cole Perfetti and loses puck.
8:35 of 3rd period - Kirill Kaprizov is hit by Jamie Drysdale and loses puck.
8:38 of 3rd period - Shot by Ivan Barbashev.
8:38 of 3rd period - Stopped by Arvid Soderblom with a rebound.
8:40 of 3rd period - Shot by Andrei Kuzmenko.
8:40 of 3rd period - Goal by Andrei Kuzmenko - BlackHawks : 6 - Oilers : 4.
8:41 of 3rd period - Tyler Seguin wins face-off versus Ryan Johansen in neutral zone.
9:31 of 3rd period - Shot by Dylan Strome.
9:31 of 3rd period - Deflect By Ondrej Palat.
9:31 of 3rd period - Shot Blocked by Braden Schneider.
9:33 of 3rd period - Shot by Robin Salo.
9:33 of 3rd period - Stopped by Juuse Saros without a rebound.
9:34 of 3rd period - Jakob Silfverberg wins face-off versus Ryan Donato in BlackHawks zone.
9:39 of 3rd period - Shot by Kasperi Kapanen.
9:39 of 3rd period - Stopped by Juuse Saros without a rebound.
9:40 of 3rd period - Dylan Strome wins face-off versus Ryan Donato in BlackHawks zone.
9:40 of 3rd period - Ryan Pulock is hit by Zach Bogosian and loses puck.
9:48 of 3rd period - Ondrej Palat is hit by Zach Bogosian.
9:49 of 3rd period - Minor Penalty to Zach Bogosian for Hooking.
9:50 of 3rd period - Jaden Schwartz wins face-off versus Dylan Strome in BlackHawks zone.
9:50 of 3rd period - Jaden Schwartz is hit by Brandon Hagel.
10:07 of 3rd period - Shot by Josh Bailey.
10:07 of 3rd period - Shot Misses the Net.
10:09 of 3rd period - Shot by Dylan Strome.
10:09 of 3rd period - Shot Misses the Net.
10:27 of 3rd period - Shot by Brandon Hagel.
10:27 of 3rd period - Stopped by Juuse Saros without a rebound.
10:28 of 3rd period - Jordan Martinook wins face-off versus Cole Perfetti in BlackHawks zone.
10:28 of 3rd period - Jordan Martinook is hit by Ondrej Palat.
10:53 of 3rd period - Icing by Jamie Drysdale.
10:54 of 3rd period - Tyler Seguin wins face-off versus Cole Perfetti in Oilers zone.
11:05 of 3rd period - Shot by Jamie Drysdale.
11:05 of 3rd period - Stopped by Juuse Saros without a rebound.
11:06 of 3rd period - Dylan Strome wins face-off versus Jordan Martinook in BlackHawks zone.
11:07 of 3rd period - Shot by Brandon Hagel.
11:07 of 3rd period - Stopped by Juuse Saros without a rebound.
11:08 of 3rd period - Jaden Schwartz wins face-off versus Dylan Strome in BlackHawks zone.
11:41 of 3rd period - Shot by Brandon Hagel.
11:41 of 3rd period - Stopped by Juuse Saros without a rebound.
11:42 of 3rd period - Cole Perfetti wins face-off versus Tyler Seguin in BlackHawks zone.
11:49 of 3rd period - Shot by Ryan Johansen.
11:49 of 3rd period - Stopped by Juuse Saros without a rebound.
11:50 of 3rd period - Casey Cizikas wins face-off versus Ivan Barbashev in BlackHawks zone.
12:13 of 3rd period - Casey Cizikas is hit by Ivan Barbashev and loses puck.
12:45 of 3rd period - Icing by Scott Mayfield.
12:46 of 3rd period - Tyler Seguin wins face-off versus Casey Cizikas in Oilers zone.
12:46 of 3rd period - Max Domi is hit by Scott Mayfield and loses puck.
12:48 of 3rd period - Minor Penalty to Scott Mayfield for Tripping.
12:49 of 3rd period - Ryan Johansen wins face-off versus Tyler Seguin in Oilers zone.
13:44 of 3rd period - Shot by Kirill Kaprizov.
13:44 of 3rd period - Shot Misses the Net.
13:46 of 3rd period - Shot by Marc-Edouard Vlasic.
13:46 of 3rd period - Deflect By Kirill Kaprizov.
13:46 of 3rd period - Shot Misses the Net.
13:48 of 3rd period - Shot by Ivan Barbashev.
13:48 of 3rd period - Stopped by Arvid Soderblom with a rebound.
13:50 of 3rd period - Shot by Ivan Barbashev.
13:50 of 3rd period - Stopped by Arvid Soderblom without a rebound.
13:51 of 3rd period - Ryan Johansen wins face-off versus Tyler Seguin in Oilers zone.
14:41 of 3rd period - Shot by Derek Forbort.
14:41 of 3rd period - Shot Misses the Net.
14:49 of 3rd period - Shot by Ryan Donato.
14:49 of 3rd period - Stopped by Arvid Soderblom without a rebound.
14:50 of 3rd period - Paul Stastny wins face-off versus Ryan Donato in Oilers zone.
16:22 of 3rd period - Shot by Cole Perfetti.
16:22 of 3rd period - Stopped by Juuse Saros without a rebound.
16:23 of 3rd period - Ivan Barbashev wins face-off versus Dylan Strome in BlackHawks zone.
16:23 of 3rd period - Ivan Barbashev is hit by Dylan Strome.
16:44 of 3rd period - Shot by Marc-Edouard Vlasic.
16:44 of 3rd period - Shot Misses the Net.
16:56 of 3rd period - Shot by Dylan Strome.
16:56 of 3rd period - Stopped by Juuse Saros without a rebound.
16:57 of 3rd period - Tyler Seguin wins face-off versus Paul Stastny in BlackHawks zone.
17:11 of 3rd period - Shot by Josh Bailey.
17:11 of 3rd period - Shot Misses the Net.
17:13 of 3rd period - Shot by Josh Bailey.
17:13 of 3rd period - Shot Misses the Net.
17:15 of 3rd period - Shot by Josh Bailey.
17:15 of 3rd period - Stopped by Juuse Saros with a rebound.
17:17 of 3rd period - Shot by Josh Bailey.
17:17 of 3rd period - Shot Misses the Net.
17:19 of 3rd period - Shot by Josh Bailey.
17:19 of 3rd period - Stopped by Juuse Saros without a rebound.
17:20 of 3rd period - Ryan Johansen wins face-off versus Jaden Schwartz in BlackHawks zone.
17:42 of 3rd period - Shot by Brock Boeser.
17:42 of 3rd period - Shot Misses the Net.
17:44 of 3rd period - Shot by Brock Boeser.
17:44 of 3rd period - Shot Misses the Net.
17:46 of 3rd period - Shot by Ryan Pulock.
17:46 of 3rd period - Stopped by Juuse Saros without a rebound.
17:47 of 3rd period - Dylan Strome wins face-off versus Tyler Seguin in BlackHawks zone.
18:32 of 3rd period - Icing by Zach Bogosian.
18:33 of 3rd period - Paul Stastny wins face-off versus Tyler Seguin in BlackHawks zone.
19:06 of 3rd period - Shot by Alexander Barabanov.
19:06 of 3rd period - Shot Misses the Net.
19:08 of 3rd period - Shot by Josh Bailey.
19:08 of 3rd period - Shot Misses the Net.
19:29 of 3rd period - Shot by Casey Cizikas.
19:29 of 3rd period - Stopped by Juuse Saros without a rebound.
19:30 of 3rd period - Casey Cizikas wins face-off versus Ryan Donato in BlackHawks zone.
19:55 of 3rd period - Shot by Kasperi Kapanen.
19:55 of 3rd period - Deflect By Casey Cizikas.
19:55 of 3rd period - Shot Misses the Net.
Goals for this period are 2 for BlackHawks vs 0 for Oilers.
Shots for this period are 8 for BlackHawks vs 14 for Oilers.